 Dungeon Crawl Stone Soup version 0.32-a0-953-g508020473e (webtiles) character file.

Game seed: 5632624099203364331

601 inmateoo the Chopper (level 7, -13/60 HPs)
             Began as a Mountain Dwarf Fighter on Apr 16, 2024.
             Mangled by an ogre
             ... wielding a +0 giant spiked club
              (21 damage)
             ... on level 5 of the Dungeon.
             The game lasted 00:02:48 (2215 turns).

inmateoo the Chopper (Mountain Dwarf Fighter)       Turns: 2215, Time: 00:02:49

Health: -13/60     AC: 11    Str: 18    XL:     7   Next: 18%
Magic:  7/7        EV:  8    Int:  9    God:
Gold:   102        SH:  4    Dex: 11    Spells: 6/6 levels left

rFire   . . .        a - +1 war axe
rCold   . . .        c - +0 buckler
rNeg    . . .        b - +0 scale mail
rPois   .            (no helmet)
rElec   .            (no cloak)
rCorr   .            (no gloves)
SInv    .            (no boots)
Will    .....        (no amulet) Stlth
                     h - +4 ring of protection
HPRegen 0.30/turn    (no ring)
MPRegen 0.10/turn

%: no passive effects
@: no status effects
A: runic magic, artefact enchanting
a: no special abilities


You were on level 5 of the Dungeon.
You visited 1 branch of the dungeon, and saw 5 of its levels.

You collected 102 gold pieces.

Inventory:

Hand Weapons
 a - a +1 war axe (weapon)
Armour
 b - a +0 scale mail (worn)
 c - a +0 buckler (worn)
Jewellery
 f - a ring of poison resistance
 h - a +4 ring of protection (left hand)
Scrolls
 e - a scroll of noise
 g - 5 scrolls of identify
 k - a scroll of poison
Potions
 l - a potion of cancellation


   Skills:
 + Level 4.7 Fighting
 * Level 5.9 Axes
 + Level 4.7 Armour
 + Level 2.0 Dodging
 + Level 4.7 Shields


You had 6 spell levels left.
You didn't know any spells.
Your spell library was empty.

Dungeon Overview and Level Annotations

Branches:
Dungeon (5/15)
 Temple: D:4-7

Altars:

Shops:
D:1 :

Annotations:
D:4 Edmund, Grinder


Innate Abilities, Weirdness & Mutations

Your spellcasting is much less encumbered by armour.
You can use scrolls of enchantment on lesser artefacts.


Message History

You start resting.
You float gracefully downwards.
You start resting.
Your enlightenment fades.
You start resting.
A jelly comes into view.
A jelly is nearby!
The jelly quivers.
You slash the jelly! The acid corrodes you!
Your hands burn!
The jelly is severely wounded.
The jelly hits you but does no damage.
You slash the jelly!
You kill the jelly!
No target in view!
You now have 102 gold pieces (gained 5).
You start resting.
You are no longer corroded.
There is a stone staircase leading up here.
You start resting.
HP restored.
You climb upwards.
Level annotation: Edmund, Grinder The ogre closely misses you.
There is a stone staircase leading down here.
The ogre hits you with a +0 giant spiked club!!
You climb downwards.
There is a stone staircase leading up here.
You closely miss the ogre.
The ogre hits you with a +0 giant spiked club!
You are too injured to fight recklessly!
You closely miss the ogre.
The ogre hits you with a +0 giant spiked club!
* * * LOW HITPOINT WARNING * * *
You are too injured to fight recklessly!
You hit the ogre but do no damage. The ogre barely misses you.
You barely miss the ogre. You slash the ogre!
The ogre is heavily wounded.
The ogre hits you with a +0 giant spiked club!!
You die...

### #..
#.# #O#
#@# #.#
#.# #.#
#.##.####
#........
####.####
#


You could see an ogre.

Vanquished Creatures
  Prince Ribbit (D:5)
  Sigmund (D:2)
  A kobold brigand (D:4)
  A hound (D:5)
  A jelly (D:5)
  Terence (D:2)
  An adder (D:4)
  A shadow imp (D:5)
  3 dart slugs
  2 ribbon worms
  3 orcs (D:4)
  5 endoplasms
  3 giant cockroaches
  7 goblins
  5 hobgoblins
  4 jackals (D:2)
  3 kobolds
  2 quokkas
  4 ball pythons
  4 bats (D:1)
  2 frilled lizards (D:2)
  2 rats
57 creatures vanquished.

Notes
Turn   | Place    | Note
-------+----------+-------------------------------------------
     0 | D:1      | inmateoo the Mountain Dwarf Fighter began the quest for the
                  | Orb.
     0 | D:1      | Reached XP level 1. HP: 19/19 MP: 1/1
    61 | D:1      | Found Tezy's Book Emporium.
   159 | D:1      | Found a faded altar of an unknown god.
   197 | D:1      | Reached XP level 2. HP: 26/26 MP: 2/2
   485 | D:1      | Reached skill level 3 in Axes
   867 | D:2      | Noticed Sigmund
   885 | D:2      | Killed Sigmund
   886 | D:2      | Reached skill level 4 in Axes
   886 | D:2      | Reached skill level 1 in Dodging
   886 | D:2      | Reached XP level 3. HP: 14/33 MP: 3/3
   886 | D:2      | Reached XP level 4. HP: 17/40 MP: 4/4
   886 | D:2      | Reached XP level 5. HP: 20/46 MP: 5/5
  1032 | D:2      | Noticed Terence
  1040 | D:2      | Killed Terence
  1576 | D:3      | You fall into a shaft and drop 2 floors!
  1576 | D:5      | Entered Level 5 of the Dungeon
  1594 | D:5      | Noticed Prince Ribbit
  1634 | D:5      | Killed Prince Ribbit
  1635 | D:5      | Reached skill level 5 in Axes
  1635 | D:5      | Reached XP level 6. HP: 9/53 MP: 6/6
  1813 | D:4      | Found a faded altar of an unknown god.
  1840 | D:4      | Reached XP level 7. HP: 44/60 MP: 7/7
  2003 | D:4      | Noticed Edmund
  2013 | D:4      | HP: 1/60 [Edmund/+1 heavy dire flail (11)]
  2017 | D:4      | Noticed Grinder
  2215 | D:5      | Mangled by an ogre

Illustrated notes

Levels and vault maps discovered:
D:1:      wheals_arrival_linesprint, layout_basic, serial_shops, shop,
          hellmonk_ecumenical_altar_zigzags
D:2:      layout_loops_cross, uniq_sigmund, uniq_terence
D:3:      layout_loops_ring, nicolae_gozag_zags_fifth_avenue,
          mainiacjoe_overflow_chevrons, kennysheep_generic_room_11
D:4:      layout_cave_pools, nicolae_yredelemnul_corpse_copse,
          grunt_temple_overflow_open, serial_column_ruins,
          column_ruins_temple_circle, column_ruins_corridor_water,
          column_ruins_corridor_straight, column_ruins_open_tiny,
          column_ruins_open_tiny, column_ruins_open_small,
          column_ruins_columns_corner, st_stairs_11, uniq_grinder, uniq_edmund
D:5:      layout_loops_ring, grunt_decor_clamped, moated_statue, st_stairs_7,
          nicolae_figureground_sparkle, uniq_prince_ribbit1

Skill      XL: |  1  2  3  4  5  6 |
---------------+-------------------+-----
Axes           | 4 5 |  5.9
Fighting       | 4 |  4.7
Armour         | 4 |  4.7
Dodging        | 1 2 |  2.0
Shields        | 4 |  4.7

Action                     |  1- 3 |  4- 6 |  7- 9 || total
---------------------------+-------+-------+-------++-------
  Melee: War axe           |    61 |    90 |    38 ||   189
    Use: Scroll            |       |     8 |     1 ||     9
         Potion            |       |     3 |     2 ||     5
 Armour: Scale mail        |    41 |    70 |    39 ||   150
  Dodge: Dodged            |    34 |    38 |    11 ||    83
  Block: Buckler           |    19 |    18 |    14 ||    51

Table legend: (Time is in decaauts)
 A = Elapsed time spent in this place.
 B = Non-inter-level travel time spent in this place.
 C = Inter-level travel time spent in this place.
 D = Time resting spent in this place.
 E = Time spent auto-exploring this place.
 F = Levels seen in this place.
 G = Mean time per level.
                   A        B        C        D        E       F      G
               +--------+--------+--------+--------+--------+-----+--------+
         Total |   2274 |   2210 |     64 |    523 |   1171 |   5 |  454.8 |
       Dungeon |   2274 |   2210 |     64 |    523 |   1171 |   5 |  454.8 |
               +--------+--------+--------+--------+--------+-----+--------+

Top non-repeatable levels by time:
     D:2: 819 daAuts
     D:1: 791 daAuts
     D:5: 422 daAuts
     D:4: 236 daAuts
     D:3: 3 daAuts
